 Dungeon Crawl Stone Soup version 0.19-a0-1626-g5215c36 (webtiles) character file.

5777 4thArraOfDagon the Grappler (level 10, -4/88 HPs)
             Began as a Troll Warper on Sept 18, 2016.
             Was a Priest of Elyvilon.
             Slain by Rupert
             ... wielding a +2 executioner's axe of chopping
              (6 damage)
             ... on level 13 of the Dungeon.
             The game lasted 00:17:14 (3758 turns).

4thArraOfDagon the Grappler (Troll Warper)          Turns: 3758, Time: 00:17:15

Health: -4/88      AC:  7    Str: 24    XL:     10   Next: 50%
Magic:  6/14       EV: 12    Int: 12    God:    Elyvilon [***...]
Gold:   338        SH:  0    Dex:  9    Spells: 3 memorised, 4 levels left

rFire  . . .     SeeInvis .       - Unarmed
rCold  . . .     Gourm    +     n - +0 robe
rNeg   . . .     Faith    .     (no shield)
rPois  .         Spirit   .     (helmet restricted)
rElec  .         Dismiss  .     p - +1 cloak
rCorr  .         Reflect  .     (gloves unavailable)
MR     .....     Harm     .     (boots unavailable)
Stlth  +.........               (no amulet)
                                G - +2 ring of evasion
                                b - +3 ring of strength

@: lethally poisoned (-4 -> -4), about to teleport, very slightly contaminated
A: unfitting armour, claws 3, fast metabolism 3, gourmand, regeneration 1,
shaggy fur 1, tough skin 2
a: Lesser Healing, Heal Other, Purification, Divine Protection, Renounce
Religion


You were on level 13 of the Dungeon.
You worshipped Elyvilon.
Elyvilon was most pleased with you.
You were full.

You visited 2 branches of the dungeon, and saw 14 of its levels.

You collected 338 gold pieces.

Inventory:

Hand Weapons
 l - a +1 giant spiked club
Missiles
 d - 5 tomahawks of dispersal (quivered)
 H - 5 large rocks
Armour
 a - a +0 robe
 n - a +0 robe (worn)
 p - a +1 cloak (worn)
Jewellery
 b - a +3 ring of strength (left claw)
 o - an uncursed ring of flight
 G - a +2 ring of evasion (right claw)
Wands
 F - a wand of lightning (0/15)
Scrolls
 c - a scroll of blinking
 e - 5 scrolls of enchant weapon
 h - a scroll of magic mapping
 j - 4 scrolls of recharging
 q - 2 scrolls of remove curse
 r - a scroll of fog {unknown}
 s - a scroll of vulnerability {unknown}
 y - 2 scrolls of teleportation
 z - 3 scrolls of random uselessness {unknown}
Potions
 i - 2 potions of invisibility
 k - 2 potions of ambrosia
 m - a potion of cure mutation
 t - 2 potions of flight {unknown}
 u - a potion of brilliance
 v - 2 potions of degeneration {unknown}
 A - a potion of resistance {unknown}
 B - a potion of heal wounds
 C - a potion of magic
 D - 2 potions of curing
Comestibles
 f - 7 bread rations
 w - 4 mutagenic chunks of flesh
 x - 3 meat rations
 I - 3 fruits


   Skills:
 + Level 2.6 Fighting
 - Level 0.8 Throwing
 + Level 1.4 Armour
 - Level 1.9 Dodging
 * Level 13.1 Unarmed Combat
 - Level 1.2 Spellcasting
 - Level 2.1 Translocations
 + Level 6.8 Invocations


You had 4 spell levels left.
You knew the following spells:

 Your Spells              Type           Power        Failure   Level  Hunger
a - Apportation           Tloc           #.........   12%         1    ##.....
b - Blink                 Tloc           N/A          17%         2    ###....
c - Passage of Golubria   Tloc           N/A          93%         4    #####..


Dungeon Overview and Level Annotations

Branches:
Dungeon (13/15)            Temple (1/1) D:4            Lair (0/6) D:11
    Orc (0/2) D:10
 Vaults: D:13-14

Altars:
Ashenzari
Dithmenos
Elyvilon
Fedhas
Gozag
Hepliaklqana
Kikubaaqudgha
Makhleb
Nemelex Xobeh
Okawaru
Qazlal
Ru
Sif Muna
Trog
Uskayaw
Vehumet
Xom
Yredelemnul
Zin
The Shining One

Shops:
D:5 %

Annotations:
D:3 crawlian's ghost, weakling DEFE
D:13 Rupert


Innate Abilities, Weirdness & Mutations

You are too large for most types of armour.
You have claws for hands.
Your metabolism is lightning-fast.
You like to eat raw meat.
Your natural rate of healing is unusually fast.
You are covered in fur. (AC +1)
You have very tough skin. (AC +2)


Message History

Unknown command.
A yak comes into view.
The yak bellows!
You hear a shout!
As you read the scroll labeled GULEGA ECHEHAU, it crumbles to dust.
You feel as if something is helping you.
It was a scroll of remove curse.
You feel sick.
Rupert is engulfed in roaring flames. x2 2 yaks come into view.
As you read the scroll labeled GUS RELOBB, it crumbles to dust.
You feel strangely unstable.
It was a scroll of teleportation.
Rupert is engulfed in roaring flames.
Unknown command.
A yak comes into view.
The yak bellows!
Rupert is engulfed in roaring flames.
Rupert rages.
The yak moves out of view.
Rupert hits you with an executioner's axe of chopping!
* * * LOW HITPOINT WARNING * * *
You die...

,**,,* #.#####.#** ****.** ###.#
*#...# *
*..#####.§.####....#********* *
*#....Z..####§§......,,,,,,,* *
####.y.@...#§########*****,**
#.#....##§# *,,* *#.#O#####§#
**,* *..#.# #@# *,, #####@##.#
*#@# *************, ###.(...##.#
#..# *,,,,,,,,,,,,, #...######.#
#Y## *,,**,,,*****, #....@.....#
*#.* *,,,,,,,,,,,*, ....########
*.[* *,,*******,,*,
..Z.......#**#Y#****,,*,+,,∩*,,*,
#.##.####..,,YY,,,**,,*,*,,,*,,*,
..##.##*****#..,,,,<,,*,*****,,*,
......#,,,,,,,,***,,,,*,,,,,,,,*,


You could see Rupert (berserk) and 4 yaks.

Vanquished Creatures
  2 hill giants
  A cyclops (D:11)
  A gargoyle (D:13)
  A troll (D:10)
  A hippogriff (D:11)
  A wraith (D:11)
  A basilisk (D:11)
  An ice beast (D:9)
  2 phantoms
  3 sky beasts
  3 ogres
  7 centaurs
  4 big kobolds
  A gnoll sergeant (D:10)
  2 bullfrogs
  A wyvern zombie (D:10)
  A scorpion (D:7)
  5 killer bees
  3 howler monkeys
  3 crimson imps
  2 bullfrog zombies (D:9)
  A jelly (D:10)
  2 hounds
  3 orc wizards
  2 orc priests (D:4)
  A centaur skeleton (D:7)
  3 iguanas
  A worker ant (D:5)
  A killer bee zombie (D:9)
  A centaur simulacrum (D:10)
  A hound zombie (D:6)
  A hound skeleton (D:9)
  A howler monkey zombie (D:7)
  5 adders
  4 gnolls
  An adder skeleton (D:6)
  A dart slug (D:1)
  4 leopard geckos
  33 orcs
  A bat (D:2)
  5 giant cockroaches
  2 goblins
  3 hobgoblins
  11 jackals
  12 kobolds
  A ball python (D:5)
  A frilled lizard (D:1)
  A goblin skeleton (D:4)
  A goblin zombie (D:4)
  A kobold skeleton (D:4)
  A kobold zombie (D:4)
  3 orc skeletons (D:4)
  A rat (D:2)
156 creatures vanquished.

Vanquished Creatures (others)
  A centaur zombie (D:11)
  An ogre (D:13)
  A wyvern zombie (D:13)
  3 killer bees
6 creatures vanquished.

Grand Total: 162 creatures vanquished

Notes
Turn   | Place    | Note
-------+----------+-------------------------------------------
     0 | D:1      | 4thArraOfDagon the Troll Warper began the quest for the Orb.
     0 | D:1      | Reached XP level 1. HP: 19/19 MP: 1/1
   132 | D:1      | Reached XP level 2. HP: 20/27 MP: 2/2
   143 | D:1      | Reached skill level 3 in Unarmed Combat
   295 | D:3      | Reached XP level 3. HP: 25/33 MP: 3/3
   387 | D:4      | Found a glowing golden altar of the Shining One.
   392 | D:4      | Became a worshipper of the Shining One
   397 | D:4      | Reached skill level 4 in Unarmed Combat
   397 | D:4      | Reached XP level 4. HP: 41/41 MP: 4/4
   424 | D:3      | Noticed crawlian's ghost (weakling DEFE)
   491 | D:4      | Reached skill level 5 in Unarmed Combat
   503 | D:4      | Reached XP level 5. HP: 15/48 MP: 5/5
   576 | D:5      | Entered Level 5 of the Dungeon
   664 | D:4      | Found a staircase to the Ecumenical Temple.
   717 | Temple   | Entered the Ecumenical Temple
   784 | Temple   | Fell from the grace of the Shining One
   784 | Temple   | Became a worshipper of Elyvilon the Healer
   985 | D:5      | Found Foagret's Food Boutique.
  1059 | D:6      | You fall through a shaft for 2 floors!
  1073 | D:7      | Reached * piety under Elyvilon
  1080 | D:7      | Reached skill level 6 in Unarmed Combat
  1118 | D:6      | Reached XP level 6. HP: 52/55 MP: 6/6
  1162 | D:5      | Reached skill level 7 in Unarmed Combat
  1253 | D:6      | Found a blossoming altar of Fedhas.
  1260 | D:6      | Reached XP level 7. HP: 54/62 MP: 7/7
  1286 | D:6      | Reached skill level 8 in Unarmed Combat
  1298 | D:6      | Found a shimmering altar of Xom.
  1298 | D:6      | Found a hide-covered altar of Uskayaw.
  1346 | D:7      | Reached skill level 1 in Invocations
  1484 | D:7      | Reached ** piety under Elyvilon
  1869 | D:8      | Reached skill level 9 in Unarmed Combat
  1869 | D:8      | Reached XP level 8. HP: 66/70 MP: 8/8
  2054 | D:9      | Reached *** piety under Elyvilon
  2193 | D:10     | Entered Level 10 of the Dungeon
  2240 | D:10     | Reached skill level 10 in Unarmed Combat
  2283 | D:10     | Reached **** piety under Elyvilon
  2343 | D:10     | Noticed a hill giant
  2495 | D:10     | Killed a hill giant
  2532 | D:10     | Reached XP level 9. HP: 65/76 MP: 11/11
  2541 | D:10     | Noticed a troll
  2573 | D:10     | Killed a troll
  2573 | D:10     | Reached skill level 11 in Unarmed Combat
  2687 | D:10     | Found a staircase to the Orcish Mines.
  2715 | D:10     | Reached skill level 5 in Invocations
  3099 | D:11     | Found a staircase to the Lair.
  3099 | D:11     | Noticed a cyclops
  3107 | D:11     | Killed a cyclops
  3153 | D:11     | Reached skill level 12 in Unarmed Combat
  3213 | D:11     | Noticed a hill giant
  3243 | D:11     | Killed a hill giant
  3292 | D:11     | Reached XP level 10. HP: 33/85 MP: 13/13
  3411 | D:11     | Learned a level 2 spell: Blink
  3416 | D:11     | Learned a level 4 spell: Passage of Golubria
  3609 | D:13     | Noticed a four-headed hydra
  3611 | D:13     | Pacified a four-headed hydra
  3636 | D:13     | Noticed a gargoyle
  3648 | D:13     | Killed a gargoyle
  3648 | D:13     | Reached skill level 1 in Armour
  3648 | D:13     | Reached skill level 13 in Unarmed Combat
  3723 | D:13     | Noticed Rupert
  3738 | D:13     | Noticed a hornet
  3742 | D:13     | Pacified a hornet
  3758 | D:13     | HP: 2/88 [Rupert/executioner's axe of chopping (17)]
  3758 | D:13     | Slain by Rupert

Vault maps used:
D:1:      lemuel_arrival_behind_the_door_large, minmay_tromino_i4
D:3:      grunt_ministairs_7, minmay_misc_feat_square
D:4:      nicolae_tso_besieged_by_evil, uniq_natasha
D:5:      serial_shops, nicolae_shop_window_shopping, first_bread,
          minmay_misc_feat_chi, minmay_joined_circles
D:6:      grunt_temple_overflow_open, eino_tiny_chamber, uniq_menkaure
D:7:      yredelemnul_altar_generic
D:8:      the_bakery
D:10:     minmay_orc_entry_temple_small, minmay_checkerbox
D:11:     lair_0_dummy, uniq_erolcha
D:13:     david_vaults_4, uniq_rupert
Temple:   regret_index_temple_mists

Skill      XL: |  1  2  3  4  5  6  7  8  9 10 |
---------------+-------------------------------+-----
Unarmed Combat | 3 4 5 6 7 9 10 12 13 | 13.1
Invocations    | 2 4 6 |  6.8
Fighting       | 2 |  2.6
Armour         | 1 |  1.4
Throwing       | |  0.8
Dodging        | |  1.9
Spellcasting   | |  1.2
Translocations | |  2.1

Action                   |  1- 3 |  4- 6 |  7- 9 | 10-12 || total
-------------------------+-------+-------+-------+-------++-------
Melee: Unarmed           |    69 |   123 |   247 |    41 ||   480
       Punch             |     1 |     1 |     9 |     1 ||    12
Invok: Greater Healing   |       |       |     2 |     1 ||     3
       Heal Other        |       |       |     5 |     9 ||    14
       Lesser Healing    |       |       |     4 |     2 ||     6
Evoke: Wand              |       |       |       |     2 ||     2
  Use: Scroll            |       |       |     6 |    10 ||    16
       Potion            |       |       |     1 |     3 ||     4
  Eat: Chunk             |     7 |     6 |    22 |     7 ||    42
       Fruit             |       |     3 |       |     1 ||     4
Armor: Robe              |    34 |    24 |    48 |     7 ||   113
Dodge: Dodged            |    44 |    57 |   102 |    37 ||   240
